 Dungeon Crawl Stone Soup version 0.31-a0-232-gb1c03b2570 (webtiles) character file.

Game seed: 1989556266730185862

21 qw the Shooter (level 2, -5/16 HPs)
             Began as a Gargoyle Hexslinger on July 6, 2023.
             Slain by Terence
             ... wielding a +0 flail
              (7 damage)
             ... on level 2 of the Dungeon.
             The game lasted 00:00:13 (790 turns).

qw the Shooter (Gargoyle Hexslinger)                 Turns: 790, Time: 00:00:13

Health: -5/16      AC:  7    Str: 17    XL:     2   Next: 83%
Magic:  3/3        EV: 11    Int: 13    God:
Gold:   14         SH:  0    Dex: 12    Spells: 2/3 levels left

rFire   . . .        Y - +1 sling
rCold   . . .        (no shield)
rNeg    + . .        m - +0 ring mail
rPois   inf          (no helmet)
rElec   +            (no cloak)
rCorr   .            (no gloves)
SInv    .            (no boots)
Will    .....        (no amulet)
Stlth   +            g - +6 ring of strength
HPRegen 0.22/turn    (no ring)
MPRegen 0.08/turn

%: no passive effects
@: no status effects
A: sickness immunity, AC +2, negative energy resistance 1, electricity
resistance, torment resistance 1, petrification resistance
a: no special abilities


You were on level 2 of the Dungeon.
You visited 1 branch of the dungeon, and saw 2 of its levels.

You collected 14 gold pieces.


Innate Abilities, Weirdness & Mutations

You are immune to sickness and miasma.
Your stone body is resilient. (AC +2)
You are immune to poison.
You resist negative energy. (rN+)
You are resistant to electric shocks. (rElec)
You are resistant to unholy torment.
You are immune to petrification.


   Skills:
 + Level 1.1 Fighting
 - Level 3.2 Ranged Weapons
 - Level 1.5 Dodging
 - Level 1.0 Spellcasting
 - Level 2.6 Hexes


You had 2 spell levels left.
You knew the following spells:

 Your Spells              Type           Power      Damage    Failure   Level
a - Slow                  Hex            28%        N/A       17%         1

Your spell library contained the following spells:

 Spells                   Type           Power      Damage    Failure   Level
 Inner Flame              Hex/Fire       4%         N/A       65%         3
 Portal Projectile        Hex/Tloc       8%         N/A       65%         3
 Cause Fear               Hex            3%         N/A       86%         4

Inventory:

Hand Weapons
 Y - a +1 sling (weapon)
Armour
 a - a +0 helmet
 m - a +0 ring mail (worn)
Jewellery
 g - a +6 ring of strength (left hand)
Potions
 d - a potion of haste {unknown}
 f - a potion of enlightenment {unknown}
 h - a potion of curing {unknown}
 j - a potion of magic {unknown}

Dungeon Overview and Level Annotations

Branches:
Dungeon (2/15)

Altars:

Annotations:
D:2 Terence


Message History

The adder bites you. The endoplasm completely misses you.
The frilled lizard closely misses you.
You shoot a sling bullet.
The sling bullet closely misses the adder.
The sling bullet hits Terence.
Terence is moderately wounded.
The adder closely misses you.
The endoplasm hits you but does no damage.
The frilled lizard closely misses you. The adder bites you.
You shoot a sling bullet.
The sling bullet closely misses the adder.
The sling bullet hits Terence.
Terence is moderately wounded.
The adder barely misses you.
The frilled lizard bites you but does no damage.
The endoplasm hits you but does no damage.
Terence says, "You're history."
The adder barely misses you.
You shoot a sling bullet. The sling bullet hits the adder.
You kill the adder!
The endoplasm barely misses you.
The frilled lizard hisses.
The frilled lizard misses you. Terence hits you with a +0 flail.
The frilled lizard barely misses you. The endoplasm freezes you.
You are frozen.
Your Ranged Weapons skill increases to level 3!
You shoot a sling bullet. The sling bullet hits Terence.
Terence is heavily wounded.
Terence closely misses you. The frilled lizard barely misses you.
The endoplasm barely misses you.
You shoot a sling bullet.
The sling bullet hits Terence but does no damage.
Terence is heavily wounded.
The frilled lizard bites you. The endoplasm closely misses you.
Terence closely misses you.
You shoot a sling bullet. The sling bullet barely misses Terence.
The endoplasm hits you. The frilled lizard barely misses you.
Terence barely misses you. Terence hits you with a +0 flail!
You die...

.... ....
.....
.....#######
...........#
...........#
###..lJ...####
#....@@......#
#....###.....#
#... #.....#
### #.....#
#.<...#
#.....#
#.....#
#.[...#
#.....#


You could see Terence, an endoplasm and a frilled lizard.

Vanquished Creatures
  An adder (D:2)
  An endoplasm (D:1)
  2 giant cockroaches (D:1)
  2 goblins (D:1)
  A hobgoblin (D:1)
  A quokka (D:1)
  A ball python (D:2)
  A frilled lizard (D:1)
10 creatures vanquished.

Notes
Turn   | Place    | Note
-------+----------+-------------------------------------------
     0 | D:1      | qw the Gargoyle Hexslinger began the quest for the Orb.
     0 | D:1      | Reached XP level 1. HP: 12/12 MP: 2/2
     0 | D:1      | 0 ||| qw: Version: 0.3-a-46-gb1f654a
     0 | D:1      | 0 ||| qw: Game counter: 1986
     0 | D:1      | 0 ||| qw: Melee chars always use a shield: true
     0 | D:1      | 0 ||| qw: God list: Okawaru
     0 | D:1      | 0 ||| qw: Allow faded altars: false
     0 | D:1      | 0 ||| qw: Do Orc after clearing Dungeon:15 true
     0 | D:1      | 0 ||| qw: Do second Lair branch before Depths: true
     0 | D:1      | 0 ||| qw: Lair rune preference: random
     0 | D:1      | 0 ||| qw: Goals: Normal
     0 | D:1      | 0 ||| PLANNING D:1-11
   363 | D:1      | Reached XP level 2. HP: 16/16 MP: 3/3
   729 | D:1      | 729 ||| UPGRADING to +0 ring mail.
   739 | D:1      | 739 ||| DROPPING +0 robe.
   740 | D:1      | 740 ||| UPGRADING to +6 ring of strength.
   741 | D:1      | 741 ||| READING scroll labelled ETOZIJ AMOYNT.
   742 | D:1      | 742 ||| READING scroll labelled GESOEVU XANUKIEDGH.
   743 | D:1      | 743 ||| READING scroll labelled JOUDUS ITRILUG.
   747 | D:1      | 747 ||| READING scroll labelled KAYDODIPHA.
   748 | D:1      | 748 ||| DROPPING scroll of poison.
   777 | D:2      | Noticed Terence
   788 | D:2      | Reached skill level 3 in Ranged Weapons
   789 | D:2      | HP: 4/16 [frilled lizard (3)]
   790 | D:2      | Slain by Terence

Levels and vault maps discovered:
D:1:      minmay_arrival_jagged, layout_basic
D:2:      layout_basic, serial_shops, shop, shop, kennysheep_generic_room_3,
          uniq_terence

Skill      XL: |  1  2 |
---------------+-------+-----
Ranged Weapons | 3 |  3.2
Fighting       | |  1.1
Dodging        | |  1.5
Spellcasting   | |  1.0
Hexes          | |  2.6

Action                     || total
---------------------------++-------
   Fire: Sling             ||    39
    Use: Scroll            ||     4
 Armour: Ring mail         ||     5
         Robe              ||     3
  Dodge: Dodged            ||    29

Table legend:
 A = Non-vault XP
 B = Vault XP
 C = Vault XP percentage of total XP
 D = Non-vault monster count
 E = Vault monster count
 F = Vault count percentage of total count
                 A         B        C        D         E       F
            +---------+---------+-------+---------+---------+-------
      Total |      30 |       0 |   0.0 |      10 |       0 |   0.0
            +---------+---------+-------+---------+---------+-------
        D:1 |      15 |       0 |   0.0 |       8 |       0 |   0.0
        D:2 |      15 |       0 |   0.0 |       2 |       0 |   0.0
            +---------+---------+-------+---------+---------+-------
